 Dungeon Crawl Stone Soup version 0.15-a0-1579-gd26fec2 (console) character file.

522 Money the Chopper (level 7, -5/57 HPs)
             Began as a Minotaur Fighter on June 19, 2014.
             Was an Initiate of Cheibriados.
             Slain by a goliath beetle (22 damage)
             ... on Level 7 of the Dungeon.
             The game lasted 00:08:03 (1319 turns).

Money the Chopper (Minotaur Fighter)                Turns: 1319, Time: 00:08:04

HP  -5/57        AC  8     Str 20      XL: 7   Next:  2%
MP   7/7         EV  7     Int  6      God: Cheibriados [......]
Gold 32          SH  9     Dex 14      Spells:  2 memorised,  2 levels left

rFire  . . .     SeeInvis .     s - +3 war axe
rCold  . . .     Clarity  .     u - +1 ring mail
rNeg   . . .     rCorr    .     c - +0 shield
rPois  .         rRot     .     y - +2 hat
rElec  .         Spirit   .     (no cloak)
SustAb .         Warding  .     (no gloves)
rMut   .         Stasis   .     (no boots)
Gourm  .                        (no amulet)
MR     .....                    a - cursed -3 ring of strength
                                i - +3 ring of dexterity

@: very slow, not resistant to hostile enchantments, very unstealthy
A: retaliatory headbutt, horns 2
a: Bend Time, Renounce Religion


You were on level 7 of the Dungeon.
You worshipped Cheibriados.
Cheibriados was noncommittal.
You were hungry.

You visited 2 branches of the dungeon, and saw 8 of its levels.

You collected 161 gold pieces.
You spent 129 gold pieces at shops.

Inventory:

Hand weapons
 s - a +3 war axe (weapon)
Missiles
 B - 3 javelins (quivered)
Armour
 c - a +0 shield (worn)
 u - a +1 ring mail (worn)
 y - a +2 hat (worn)
 z - a +0 chain mail
Magical devices
 l - a wand of polymorph (10)
 m - a wand of frost (9)
 o - a wand of random effects (11)
 x - a wand of confusion (14)
Comestibles
 b - a rotting chunk of worker ant flesh
 d - 3 bread rations
 h - a royal jelly
 v - a meat ration
Scrolls
 f - a scroll of random uselessness {unknown}
 g - 2 scrolls of teleportation
 j - a scroll of fear {unknown}
 p - a scroll of recharging {unknown}
 q - a scroll of fog
 w - a scroll of noise {unknown}
Jewellery
 a - a cursed -3 ring of strength (right hand)
 i - a +3 ring of dexterity (left hand)
Potions
 e - a potion of might
 k - 3 potions of curing {unknown}
 n - a potion of restore abilities
 r - a potion of mutation {unknown}
 A - a potion of heal wounds
 C - a potion of brilliance
Books
 t - a book of Necromancy

   Spells                             Type                      Level
   Pain                               Necromancy                   1
   *Animate Skeleton                  Necromancy                   1
   Vampiric Draining                  Necromancy                   3
   *Regeneration                      Charms/Necromancy            3
   Animate Dead                       Necromancy                   4
   Control Undead                     Necromancy                   4


   Skills:
 - Level 3.6 Fighting
 + Level 7.9 Axes
 - Level 3.6 Armour
 - Level 3.6 Shields
 * Level 3.6 Invocations


You had 2 spell levels left.
You knew the following spells:

 Your Spells              Type           Power        Failure   Level  Hunger
a - Regeneration          Chrm/Necr      #.........   100%        3    ####...
b - Animate Skeleton      Necr           N/A          100%        1    ##.....


Dungeon Overview and Level Annotations

Branches:
Dungeon (7/15)             Temple (1/1) D:5

Altars:
Ashenzari
Cheibriados
Dithmenos
Elyvilon
Fedhas
Gozag
Kikubaaqudgha
Makhleb
Nemelex Xobeh
Okawaru
Qazlal
Trog
Yredelemnul

Shops:
D:4 ?:[[*


Innate Abilities, Weirdness & Mutations

You reflexively headbutt those who attack you in melee.
You have a pair of horns on your head.


Message History

You headbutt the goliath beetle, but do no damage.
The goliath beetle is heavily wounded.
There is a stone staircase leading down here.
You hit the goliath beetle.
The goliath beetle is heavily wounded.
The goliath beetle bites you!!
* * * LOW HITPOINT WARNING * * *
Throwing (i - inventory):
B - 4 javelins (quivered)
Press: ? - help, Shift-Dir - straight line, f - goliath beetle
Aim: a goliath beetle (heavily wounded)
You throw a javelin.
The javelin hits the goliath beetle but does no damage.
The goliath beetle is heavily wounded.
You slash the goliath beetle!
You headbutt the goliath beetle, but do no damage.
The goliath beetle is severely wounded.
You hit the goliath beetle.
The goliath beetle is severely wounded.
The goliath beetle bites you!!
You die...

....... #....####+###..
#....#......#.. #....#......#.#
#....#......#.#
########....'......#.#
............#......#.#
.............#......#.#
#########......@B########.######
.........#.........(>............
.........#......#######...)......
.........#......# #..........
.........#......# #..........
.........#......### #.......###
......%..#......... ...........
.........'......... .............
.........#.......... ...........


You could see a goliath beetle.

Vanquished Creatures
  An ogre (D:6)
  A giant frog (D:6)
  The ghost of Money the Chopper, a weakling GrFi (D:3)
  2 hounds
  An iguana (D:4)
  A jelly (D:5)
  An orc wizard (D:5)
  4 worker ants
  2 adders
  2 shadow imps
  A giant gecko (D:3)
  2 oozes (D:2)
  14 orcs
  A giant cockroach (D:2)
  4 goblins
  4 hobgoblins
  A kobold (D:4)
  5 bats
  3 giant newts
  6 rats
57 creatures vanquished.

Notes
Turn   | Place    | Note
--------------------------------------------------------------
     0 | D:1      | Money, the Minotaur Fighter, began the quest for the Orb.
     0 | D:1      | Reached XP level 1. HP: 19/19 MP: 1/1
   170 | D:2      | Reached XP level 2. HP: 26/26 MP: 1/1
   185 | D:2      | Found an iron altar of Okawaru.
   414 | D:3      | Reached skill level 4 in Axes
   432 | D:4      | Reached XP level 3. HP: 22/31 MP: 2/2
   493 | D:4      | Found Saptiema's Book Shop.
   503 | D:4      | Found Wuadavuiqu's Antique Armour Shop.
   546 | D:4      | Reached skill level 5 in Axes
   598 | D:4      | Found an opulent altar of Gozag.
   669 | D:4      | Reached XP level 4. HP: 27/39 MP: 2/2
   686 | D:4      | Found Briusm's Magic Scroll Shoppe.
   691 | D:4      | Bought a scroll of identify for 22 gold pieces
   691 | D:4      | Bought a scroll of identify for 22 gold pieces
   691 | D:4      | Bought a scroll of teleportation for 33 gold pieces
   691 | D:4      | Bought a scroll of fog for 22 gold pieces
   724 | D:3      | Noticed Money's ghost (weakling GrFi)
   731 | D:3      | Killed Money's ghost
   731 | D:3      | Reached skill level 6 in Axes
   735 | D:4      | Found Thra Gexi's Antique Armour Shop.
   865 | D:4      | Found Acirphira's Assorted Antiques.
   868 | D:4      | Bought a scroll labeled PUNNILOOTT for 30 gold pieces
   871 | D:5      | Entered Level 5 of the Dungeon
   876 | D:5      | Reached XP level 5. HP: 45/45 MP: 2/2
   907 | D:5      | Reached skill level 7 in Axes
   909 | D:5      | Found a staircase to the Ecumenical Temple.
   925 | Temple   | Entered the Ecumenical Temple
   963 | Temple   | Became a worshipper of Cheibriados the Contemplative
  1025 | D:6      | Noticed a sky beast
  1046 | D:6      | Reached skill level 1 in Invocations
  1099 | D:6      | Reached XP level 6. HP: 31/51 MP: 2/4
  1117 | D:6      | Noticed an ogre
  1121 | D:6      | Killed an ogre
  1162 | D:6      | Learned a level 3 spell: Regeneration
  1164 | D:6      | Learned a level 1 spell: Animate Skeleton
  1236 | D:7      | Reached XP level 7. HP: 57/57 MP: 7/7
  1319 | D:7      | Slain by a goliath beetle

Action                   |  1- 3 |  4- 6 |  7- 9 || total
-------------------------+-------+-------+-------++-------
Melee: War axe           |    67 |    53 |    12 ||   132
Throw: Javelin           |       |     1 |     1 ||     2
Evoke: Wand              |     3 |     6 |       ||     9
  Use: Scroll            |       |     3 |       ||     3
